 Dungeon Crawl Stone Soup version 0.21.1-1-g345015f (console) character file.

231 fly the Skirmisher (level 6, -6/62 HPs)
             Began as an Ogre Fighter on May 24, 2018.
             Mangled by a bullfrog (7 damage)
             ... on level 3 of the Dungeon.
             The game lasted 00:04:58 (2492 turns).

fly the Skirmisher (Ogre Fighter)                   Turns: 2492, Time: 00:04:59

Health: -6/62      AC:  3    Str: 21    XL:     6   Next: 3%
Magic:  6/6        EV:  9    Int: 10    God:
Gold:   194        SH:  9    Dex:  9    Spells: 5/5 levels left

rFire    . . .     SeeInvis .   a - +0 trident
rCold    . . .     Gourm    .   v - +0 shield
rNeg     . . .     Faith    .   y - +0 robe
rPois    .         Spirit   .   (helmet restricted)
rElec    .         Reflect  .   (no cloak)
rCorr    .         Harm     .   (gloves unavailable)
MR       .....                  (boots unavailable)
Stlth    +.........             o - amulet of inaccuracy (curse)
HPRegen  0.20/turn              (no ring)
MPRegen  0.10/turn              (no ring)

@: no status effects
A: large, unfitting armour, tough skin 1
a: no special abilities


You were on level 3 of the Dungeon.
You were not hungry.

You visited 1 branch of the dungeon, and saw 3 of its levels.

You collected 194 gold pieces.

Inventory:

Hand Weapons
 a - a +0 trident (weapon)
Armour
 v - a +0 shield (worn)
 y - a +0 robe (worn)
Jewellery
 j - an uncursed ring of ice
 o - a cursed amulet of inaccuracy (around neck)
Scrolls
 g - a scroll of remove curse
 k - a scroll of fog {unknown}
 m - a scroll of blinking {unknown}
 n - a scroll of enchant weapon {unknown}
 q - 3 scrolls of teleportation {unknown}
Potions
 b - a potion of flight
 c - a potion of magic {unknown}
 d - 2 potions of might
 e - a potion of lignification {unknown}
 h - 2 potions of brilliance
 i - a potion of degeneration {unknown}
 l - a potion of curing {unknown}
 p - a potion of invisibility {unknown}
Comestibles
 f - 4 rations
 r - a chunk of flesh


   Skills:
 - Level 4.0 Fighting
 - Level 4.0 Polearms
 + Level 4.0 Dodging
 + Level 3.9 Shields


You had 5 spell levels left.
You didn't know any spells.

Dungeon Overview and Level Annotations

Branches:
Dungeon (3/15)

Altars:
Ashenzari


Innate Abilities, Weirdness & Mutations

You are too large for most types of armour.
You have tough skin. (AC +1)


Message History

The bullfrog hits you but does no damage.
You puncture the bullfrog!
The bullfrog is almost dead.
The bullfrog swells and bulges.
The bullfrog hits you but does no damage.
The bullfrog hits you!
* * * LOW HITPOINT WARNING * * *
You hit the bullfrog but do no damage.
The bullfrog is almost dead.
The bullfrog hits you.
* * * LOW HITPOINT WARNING * * *
The bullfrog hits you!
* * * LOW HITPOINT WARNING * * *
You closely miss the bullfrog.
The bullfrog is almost dead.
The bullfrog barely misses you.
You miss the bullfrog.
The bullfrog is almost dead.
The bullfrog hits you!
You die...

# #.# # #.# #
#.#######
#.......#
#######.# #.#
###.#########
#............
#.#.#@######
#..#.##F#
#......g#
#..#.#... #
#..#.#...#
.## # #.
.......
##.###..###.
........
..........
....... .#.#
#.# #.#...###


You could see a bullfrog and a goblin.

Vanquished Creatures
  An ogre (D:3)
  6 adders
  4 oozes
  An adder zombie (D:1)
  4 worms (D:2)
  2 dart slugs
  3 leopard geckos
  A bat zombie (D:1)
  2 giant cockroaches
  7 goblins
  4 hobgoblins
  2 jackals (D:2)
  6 kobolds
  2 quokkas (D:2)
  6 bats
  3 frilled lizards
  11 rats
65 creatures vanquished.

Notes
Turn   | Place    | Note
-------+----------+-------------------------------------------
     0 | D:1      | fly the Ogre Fighter began the quest for the Orb.
     0 | D:1      | Reached XP level 1. HP: 24/24 MP: 1/1
   127 | D:1      | Reached XP level 2. HP: 30/32 MP: 2/2
   380 | D:1      | Reached XP level 3. HP: 39/39 MP: 3/3
  1145 | D:2      | Reached XP level 4. HP: 48/48 MP: 4/4
  1170 | D:2      | Found a shattered altar of Ashenzari.
  1845 | D:3      | Noticed an ogre
  1871 | D:3      | Found a faded altar of an unknown god.
  1924 | D:3      | Killed an ogre
  1924 | D:3      | Reached XP level 5. HP: 32/54 MP: 5/5
  2455 | D:3      | Reached XP level 6. HP: 42/62 MP: 6/6
  2490 | D:3      | HP: 1/62 [bullfrog (7)]
  2492 | D:3      | Mangled by a bullfrog

Skill      XL: |  1  2  3  4  5 |
---------------+----------------+-----
Polearms       | 3 4 |  4.0
Shields        | 3 |  3.9
Dodging        | 3 4 |  4.0
Fighting       | |  4.0

Action                   |  1- 3 |  4- 6 || total
-------------------------+-------+-------++-------
Melee: Trident           |    97 |   204 ||   301
  Use: Scroll            |       |     3 ||     3
       Potion            |       |     2 ||     2
  Eat: Chunk             |     1 |     5 ||     6
Armor: Robe              |    30 |    22 ||    52
Dodge: Dodged            |    33 |    71 ||   104
Block: Shield            |    40 |    69 ||   109
